 Dungeon Crawl Stone Soup version 0.22-a0-815-gb582571 (webtiles) character file.

21 iamserjio the Chiller (level 2, -3/19 HPs)
             Began as a Barachi Ice Elementalist on July 23, 2018.
             Slain by a worker ant (7 damage)
             ... on level 2 of the Dungeon.
             The game lasted 00:02:08 (279 turns).

iamserjio the Chiller (Barachi Ice Elementalist)     Turns: 279, Time: 00:02:08

Health: -3/19      AC:  3    Str:  9    XL:     2   Next: 87%
Magic:  0/5        EV: 12    Int: 15    God:
Gold:   37         SH:  0    Dex: 12    Spells: 5/6 levels left

rFire    . . .     SeeInvis .   d - -1 dagger (curse)
rCold    . . .     Gourm    .   (no shield)
rNeg     . . .     Faith    .   a - +0 robe
rPois    .         Spirit   .   k - +0 helmet
rElec    .         Reflect  .   (no cloak)
rCorr    .         Harm     .   (no gloves)
MR       .....                  (no boots)
Stlth    ++........             (no amulet)
HPRegen  0.06/turn              (no ring)
MPRegen  0.09/turn              (no ring)

@: lethally poisoned (-3 -> -18), very slightly contaminated, slow
A: +LOS, swims, slowness 1, wild magic 1, evolution 1, strong legs 1
a: Hop


You were on level 2 of the Dungeon.
You were not hungry.

You visited 1 branch of the dungeon, and saw 2 of its levels.

You collected 37 gold pieces.

Inventory:

Hand Weapons
 d - a cursed -1 dagger (weapon)
 g - a +0 hunting sling
Missiles
 i - 5 needles of confusion
 l - 14 arrows
Armour
 a - a +0 robe (worn)
 k - a +0 helmet (worn)
Scrolls
 b - 2 scrolls of enchant weapon {unknown}
 e - a scroll of enchant armour {unknown}
Potions
 f - a potion of brilliance {unknown}
 h - a potion of mutation
 j - a potion of invisibility {unknown}
 m - a potion of heal wounds {unknown}
Comestibles
 c - a ration


   Skills:
 - Level 2.1 Dodging
 - Level 1.7 Stealth
 + Level 2.7 Spellcasting
   Level 1.1 Conjurations
 * Level 4.4 Ice Magic


You had 5 spell levels left.
You knew the following spells:

 Your Spells              Type           Power        Failure   Level  Hunger
a - Freeze                Ice            ###.         5%          1    #......

Your spell library contained the following spells:

 Spells                   Type           Power        Failure   Level  Hunger
 Throw Frost              Conj/Ice       ##....       14%         2    ##.....
 Summon Ice Beast         Ice/Summ       ##......     71%         4    #####..
 Ozocubu's Armour         Chrm/Ice       ##......     34%         3    ###....
 Throw Icicle             Conj/Ice       ##......     63%         4    #####..


Dungeon Overview and Level Annotations

Branches:
Dungeon (2/15)

Altars:


Innate Abilities, Weirdness & Mutations

Shadows flee at your approach. (+LOS)
You can swim through water.
You cover ground slowly.
You can hop short distances.
Your spells are a little harder to cast, but a little more powerful.
You evolve.


Message History

Aiming: Freeze (safe; 3% risk of failure)
Press: ? - help, Shift-Dir - straight line, f/p - worker ant
Aim: a worker ant (heavily wounded)
You freeze the worker ant.
The worker ant is almost dead.
The worker ant bites you.
You are lethally poisoned!
The worker ant poisons you!
You completely miss the worker ant.
The worker ant is almost dead.
You feel sick. The worker ant bites you.
* * * LOW HITPOINT WARNING * * *
You are more poisoned.
The worker ant poisons you!
It was a potion of mutation.
You feel extremely strange.
You feel nature experimenting on you.
Don't worry, failures die fast.
You feel less in control of your magic.
* * * LOW HITPOINT WARNING * * *
You feel sick. The worker ant bites you!
You die...

.........##.###.#..
...†..............
..##.#...#..##..#
.....<......#..#
..............####
........#........##
.........#....##..####
...#...#.#.#.........#
..####.#.[.####.@.#....
.. #...#.# ###a# ..
###.............# .
###..#####.......? ...#
####...... .... #.....
..##. ..... .... ...


You could see a worker ant.

Vanquished Creatures
  An adder (D:2)
  A leopard gecko (D:1)
  4 bats (D:1)
  A giant cockroach (D:1)
  A goblin (D:1)
  2 hobgoblins (D:1)
  A kobold (D:1)
  A rat (D:1)
12 creatures vanquished.

Notes
Turn   | Place    | Note
-------+----------+-------------------------------------------
     0 | D:1      | iamserjio the Barachi Ice Elementalist began the quest for the Orb.
     0 | D:1      | Reached XP level 1. HP: 13/13 MP: 3/3
   150 | D:1      | Reached skill level 4 in Ice Magic
   162 | D:1      | Reached XP level 2. HP: 15/19 MP: 3/5
   279 | D:2      | Gained mutation: You evolve. [potion of mutation]
   279 | D:2      | Gained mutation: Your spells are a little harder to cast, but a little more powerful. [potion of mutation]
   279 | D:2      | Slain by a worker ant

Vault maps used:
D:1:      eino_arrival_cavern_a, minmay_pentomino_r2
D:2:      first_ration

Skill      XL: |  1 |
---------------+----+-----
Ice Magic      | 4 |  4.4
Dodging        | |  2.1
Stealth        | |  1.7
Spellcasting   | |  2.7
Conjurations   | |  1.1

Action                   || total
-------------------------++-------
Melee: Dagger            ||    19
 Cast: Freeze            ||    17
  Use: Potion            ||     1
 Stab: Sleeping          ||     4
Armor: Robe              ||     6
Dodge: Dodged            ||    22

Table legend:
 A = Spawn XP
 B = Non-spawn XP
 C = Spawn XP percentage of total XP
 D = Spawn monster count
 E = Non-spawn monster count
 F = Spawn count percentage of total count
 G = Total turns spent on level
                    A         B        C        D         E        F      G
               +---------+---------+-------+---------+---------+-------+---------
         Total |       0 |      31 |   0.0 |       0 |      12 |   0.0 |   279
               +---------+---------+-------+---------+---------+-------+---------
           D:1 |       0 |      18 |   0.0 |       0 |      11 |   0.0 |   247
           D:2 |       0 |      13 |   0.0 |       0 |       1 |   0.0 |    32
               +---------+---------+-------+---------+---------+-------+---------
